 Dungeon Crawl Stone Soup version 0.26-a0-639-g72c4674329 (webtiles) character file.

Game seed: 724618495296016141

1049 Flugslaktarn the Chopper (level 8, -1/75 HPs)
             Began as a Deep Dwarf Fighter on Sept 23, 2020.
             Was a Follower of Makhleb.
             Slain by a worker ant (2 damage)
             ... on level 6 of the Dungeon.
             The game lasted 00:01:26 (1718 turns).

Flugslaktarn the Chopper (Deep Dwarf Fighter)       Turns: 1718, Time: 00:01:27

Health: -1/75      AC:  7    Str: 19 (22) XL:     8   Next: 5%
Magic:  7/7        EV:  7    Int:  6 (9)  God:    Makhleb [*.....]
Gold:   133        SH:  9    Dex:  6 (12) Spells: 7/7 levels left

rFire    . . .     SeeInvis .   a - +0 war axe
rCold    . . .     Faith    .   c - +0 kite shield
rNeg     . . .     Spirit   .   b - +0 scale mail
rPois    .         Reflect  .   (no helmet)
rElec    .         Harm     .   (no cloak)
rCorr    .         Rampage  .   (no gloves)
MR       +....                  (no boots)
Stlth    ..........             (no amulet)
HPRegen  0.00/turn              (no ring)
MPRegen  0.10/turn              (no ring)

@: lethally poisoned (-1 -> -1), flying, non-regenerating
A: damage resistance, heal wounds, sense surroundings 1, no regeneration
a: Heal Wounds, Renounce Religion


You were on level 6 of the Dungeon.
You worshipped Makhleb.
Makhleb was aware of your devotion.
You visited 2 branches of the dungeon, and saw 7 of its levels.

You collected 133 gold pieces.

Inventory:

Hand Weapons
 a - a +0 war axe (weapon)
Armour
 b - a +0 scale mail (worn)
 c - a +0 kite shield (worn)
Jewellery
 o - a cursed ring of attention {unknown}
   (You found it on level 5 of the Dungeon)
Wands
 j - a wand of enslavement (6)
   (You found it on level 3 of the Dungeon)
 p - a wand of digging (3)
   (You took it off an orc priest on level 5 of the Dungeon)
Scrolls
 d - a scroll of amnesia {unknown}
 g - 6 scrolls of identify {unknown}
 i - 2 scrolls of magic mapping {unknown}
 l - a scroll of noise {unknown}
 n - a scroll of immolation {unknown}
 r - a scroll of fear {unknown}
Potions
 e - 2 potions of flight
 f - a potion of curing {unknown}
 h - 2 potions of degeneration
 k - a potion of heal wounds {unknown}
 m - a potion of stabbing {unknown}
 q - a potion of ambrosia {unknown}


   Skills:
 * Level 5.4 Fighting
 * Level 6.1 Axes
 + Level 5.2 Armour
 + Level 5.1 Shields
 + Level 2.5 Invocations


You had 7 spell levels left.
You didn't know any spells.
Your spell library was empty.

Dungeon Overview and Level Annotations

Branches:
Dungeon (6/15)             Temple (1/1) D:4

Altars:
Ashenzari
Cheibriados
Dithmenos
Elyvilon
Fedhas
Gozag
Hepliaklqana
Kikubaaqudgha
Makhleb
Nemelex Xobeh
Okawaru
Qazlal
Ru
Sif Muna
Trog
Vehumet
Wu Jian
Xom
Yredelemnul
Zin
The Shining One

Shops:
D:4 ?   D:5 (

Annotations:
D:4 exclusion: door


Innate Abilities, Weirdness & Mutations

You are resistant to damage.
You can heal yourself by infusing magical energy.
You passively map a small area around you.
You do not regenerate.


Message History

* * * LOW HITPOINT WARNING * * *
The worker ant bites you but does no damage.
The orc priest mumbles some strange prayers to Beogh against you.
Beogh smites you!
* * * LOW HITPOINT WARNING * * *
The orc priest invokes the aid of Beogh against you.
You resist with significant effort. You block the bullfrog's attack.
You block the orc warrior's attack.
You closely miss the worker ant. You hit the orc priest.
Your shield prevents you from hitting the bullfrog.
You hit the orc warrior.
Your shield prevents you from hitting the worker ant.
The bullfrog hits you but does no damage.
The worker ant barely misses you. The orc priest closely misses you.
The worker ant bites you.
* * * LOW HITPOINT WARNING * * *
You are more poisoned.
The worker ant poisons you! You block the orc warrior's attack.
The bullfrog barely misses you. The worker ant bites you.
You die...

#####.####### ,
......#.....##
.............##
**
.(............#
.......o..$...#
*,
..........o...#
.......)oo5.<.#
.......)oFoa..#
.......r5o@..##
.........a..##
###....######
#..#.# , #.##.*
#..*#. #.**..*
* ,


You could see 2 orc warriors, a bullfrog, 2 worker ants, 2 orc priests, 2
quasits, 3 orcs and a quokka.

Vanquished Creatures
  Menkaure (D:4)
  A phantom (D:4)
  2 centaurs (D:5)
  3 wights (D:4)
  A howler monkey (D:4)
  2 bullfrog zombies
  An orc priest (D:5)
  A hound (D:5)
  A bullfrog skeleton (D:6)
  An iguana (D:5)
  5 orc wizards
  3 worker ants
  7 adders
  A shadow imp (D:6)
  2 ufetubi (D:5)
  A dart slug (D:1)
  A leopard gecko (D:4)
  15 orcs
  A giant cockroach (D:4)
  A goblin (D:1)
  4 hobgoblins
  7 jackals
  11 kobolds
  A quokka (D:4)
  A frilled lizard (D:4)
  A quokka skeleton (D:5)
  A quokka zombie (D:6)
  3 rats (D:1)
80 creatures vanquished.

Vanquished Creatures (others)
  8 toadstools (D:4)
8 creatures vanquished.

Grand Total: 88 creatures vanquished

Notes
Turn   | Place    | Note
-------+----------+-------------------------------------------
     0 | D:1      | Flugslaktarn the Deep Dwarf Fighter began the quest for the
                  | Orb.
     0 | D:1      | Reached XP level 1. HP: 20/20 MP: 1/1
   117 | D:1      | Reached XP level 2. HP: 25/27 MP: 2/2
   179 | D:2      | Reached XP level 3. HP: 22/34 MP: 3/3
   243 | D:3      | Reached skill level 3 in Axes
   487 | D:4      | Found a staircase to the Ecumenical Temple.
   502 | D:4      | Noticed a phantom
   504 | D:4      | Reached XP level 4. HP: 24/42 MP: 3/3
   512 | D:4      | Reached XP level 5. HP: 25/50 MP: 4/4
   532 | D:4      | Reached skill level 4 in Axes
   537 | D:4      | Reached XP level 6. HP: 38/57 MP: 5/5
   558 | D:4      | Noticed Menkaure
   565 | D:4      | Killed Menkaure
   565 | D:4      | Reached skill level 5 in Axes
   565 | D:4      | Reached XP level 7. HP: 64/66 MP: 6/6
   572 | Temple   | Entered the Ecumenical Temple
   611 | Temple   | Became a worshipper of Makhleb the Destroyer
   812 | D:4      | Found Suomeic's Magic Scroll Shop.
   918 | D:5      | Entered Level 5 of the Dungeon
   986 | D:5      | Found a burning altar of Makhleb.
  1071 | D:5      | Found a blossoming altar of Fedhas.
  1125 | D:5      | Reached skill level 1 in Invocations
  1239 | D:5      | Reached skill level 5 in Fighting
  1341 | D:5      | Reached skill level 5 in Armour
  1353 | D:5      | Reached skill level 5 in Shields
  1405 | D:5      | Reached skill level 6 in Axes
  1467 | D:5      | Found Sokujeidd's Antique Weapon Boutique.
  1695 | D:6      | Reached * piety under Makhleb
  1695 | D:6      | Reached XP level 8. HP: 46/75 MP: 8/8
  1709 | D:6      | HP: 2/75 [orc priest/+0 hand axe (4)]
  1714 | D:6      | HP: 3/75 [orc warrior/+0 war axe (8)]
  1718 | D:6      | HP: 1/75 [worker ant (5)]
  1718 | D:6      | Slain by a worker ant

Illustrated notes

Levels and vault maps discovered:
D:1:      onia_arrival_pyramid, layout_loops_ring
D:2:      layout_rooms, chequers_ecumenical_altar_simple_redux, minivault_5,
          uniq_terence
D:3:      layout_loops_ring, dancing_weapons_uskayaw, serial_bayou_pond_d,
          uniq_crazy_yiuf_cottage
D:4:      cheibrodos_fertilizer, layout_basic, minmay_temple_entry_sparse_star,
          serial_shops, nicolae_shop_waterfront, uniq_menkaure
D:5:      layout_loops_ring, basic_altar, serial_shops,
          nicolae_shop_overgrown_old_shop, chequers_decorated_corner,
          st_stairs_12, fedhas_altar_fruit_tree
D:6:      layout_rooms
Temple:   nicolae_temple_the_god_donut

Skill      XL: |  1  2  3  4  5  6  7 |
---------------+----------------------+-----
Fighting       | 3 4 5 |  5.4
Axes           | 3 4 5 6 |  6.1
Armour         | 4 5 |  5.2
Shields        | 4 5 |  5.1
Invocations    | 2 |  2.5

Action                   |  1- 3 |  4- 6 |  7- 9 || total
-------------------------+-------+-------+-------++-------
Melee: War axe           |    80 |    26 |   125 ||   231
 Abil: Heal Wounds       |     1 |     4 |     9 ||    14
  Use: Potion            |       |     1 |     2 ||     3
Armor: Scale mail        |    53 |    30 |    79 ||   162
Dodge: Dodged            |    38 |    23 |    70 ||   131
Block: Kite shield       |    70 |    31 |   105 ||   206

Table legend: (Time is in decaauts)
 A = Elapsed time spent in this place.
 B = Non-inter-level travel time spent in this place.
 C = Inter-level travel time spent in this place.
 D = Time resting spent in this place.
 E = Time spent auto-exploring this place.
 F = Levels seen in this place.
 G = Mean time per level.
                   A        B        C        D        E       F      G
               +--------+--------+--------+--------+--------+-----+--------+
         Total |   1799 |   1719 |     80 |      0 |   1228 |   7 |  257.0 |
       Dungeon |   1738 |   1678 |     60 |      0 |   1194 |   6 |  289.7 |
        Temple |     60 |     40 |     20 |      0 |     34 |   1 |   60.0 |
               +--------+--------+--------+--------+--------+-----+--------+

Top non-repeatable levels by time:
     D:5: 792 daAuts
     D:4: 615 daAuts
     D:1: 165 daAuts
     D:2: 63 daAuts
  Temple: 60 daAuts
     D:3: 59 daAuts
     D:6: 42 daAuts
